[ AOE2 MATCH · #471136859 ]
Team RMEthiopians vs Cumans
[ REPLAY ANALYSIS · EXTRACTED FROM THE RECORDED GAME ]
Feudal
12:45
Castle
34:18
Imperial
—
| APM avg | 8.0 |
| APM peak | 34 |
| eAPM avg | 5.5 |
| Villagers / military | 47 / 89 |
Focus
⚔️ 42.1% · 🌾 57.9%
Archer ×67 · Spearman ×11 · Mangonel ×9 · Militia ×1 · Scorpion ×1
Feudal
11:02
Castle
24:21
Imperial
46:52
| APM avg | 26.2 |
| APM peak | 63 |
| eAPM avg | 14.2 |
| Villagers / military | 109 / 179 |
Focus
⚔️ 42.9% · 🌾 57.1%
Scout Cavalry ×62 · Genoese Crossbowman ×53 · Archer ×43 · Knight ×8 · Trebuchet (Packed) ×7 · Spearman ×6
Feudal
10:50
Castle
21:02
Imperial
38:12
| APM avg | 24.7 |
| APM peak | 92 |
| eAPM avg | 11.6 |
| Villagers / military | 100 / 120 |
Focus
⚔️ 30.3% · 🌾 69.7%
Camel Scout ×54 · Steppe Lancer ×43 · Knight ×15 · Scout Cavalry ×4 · Trebuchet (Packed) ×4
Feudal
10:01
Castle
24:05
Imperial
41:06
| APM avg | 44.1 |
| APM peak | 107 |
| eAPM avg | 19.9 |
| Villagers / military | 109 / 149 |
Focus
⚔️ 37.7% · 🌾 62.3%
Knight ×65 · Camel Scout ×43 · Skirmisher ×15 · Scout Cavalry ×12 · Trebuchet (Packed) ×6 · Spearman ×3
Match map
Resources at game start + every placement click. Thick line = wall · dashed box = detected house wall. 🟡 gold · ⚪ stone · 🟢 berries · 🔶 boar · ⭕ relic
Inputs per minute
— CrackedPoptart - - Garzaimovich
Build order — CrackedPoptart
First 150 of 198 actions detected
| 0:12 | Build | House |
| 0:20 | Build | House |
| 1:33 | Create | Villager (Male) |
| 1:45 | Create | Villager (Male) |
| 1:46 | Create | Villager (Male) |
| 3:14 | Create | Villager (Male) |
| 3:15 | Create | Villager (Male) |
| 3:16 | Create | Villager (Male) |
| 3:51 | Build | Lumber Camp |
| 4:08 | Create | Villager (Male) |
| 6:00 | Build | Mill |
| 6:08 | Create | Villager (Male) |
| 6:09 | Create | Villager (Male) |
| 6:14 | Create | Villager (Male) |
| 7:39 | Create | Villager (Male) |
| 7:39 | Create | Villager (Male) |
| 7:41 | Create | Villager (Male) |
| 7:49 | Research | Loom |
| 8:12 | Build | House |
| 10:35 | Research | Feudal Age |
| 10:48 | Create | Villager (Male) |
| 10:50 | Create | Villager (Male) |
| 11:36 | Build | Mining Camp |
| 12:45 | Age | Feudal Age |
| 12:49 | Create | Villager (Male) |
| 12:53 | Create | Villager (Male) |
| 13:28 | Build | Barracks |
| 13:51 | Create | Villager (Male) |
| 14:08 | Build | House |
| 15:13 | Build | Archery Range |
| 15:20 | Research | Double-Bit Axe |
| 15:45 | Build | House |
| 16:03 | Build | Blacksmith |
| 16:09 | Create | Villager (Male) |
| 16:09 | Create | Villager (Male) |
| 16:10 | Create | Villager (Male) |
| 16:36 | Build | House |
| 16:57 | Build | Mining Camp |
| 17:12 | Build | Farm |
| 17:12 | Build | Farm |
| 17:14 | Build | Farm |
| 17:21 | Research | Fletching |
| 17:26 | Create | Archer |
| 17:27 | Create | Archer |
| 17:27 | Create | Archer |
| 17:28 | Create | Archer |
| 17:28 | Create | Archer |
| 17:28 | Create | Archer |
| 17:28 | Create | Archer |
| 17:29 | Create | Archer |
| 17:29 | Create | Archer |
| 17:29 | Create | Archer |
| 17:30 | Create | Archer |
| 17:30 | Create | Archer |
| 17:55 | Create | Spearman |
| 17:56 | Create | Spearman |
| 17:57 | Create | Spearman |
| 17:58 | Create | Spearman |
| 18:04 | Create | Villager (Male) |
| 18:04 | Create | Villager (Male) |
| 18:46 | Build | Farm |
| 18:55 | Build | Farm |
| 18:56 | Build | Farm |
| 19:46 | Build | Farm |
| 19:56 | Build | Farm |
| 20:23 | Create | Villager (Male) |
| 20:35 | Build | House |
| 20:44 | Build | House |
| 22:05 | Build | Farm |
| 22:21 | Build | Mill |
| 23:06 | Create | Archer |
| 23:07 | Create | Archer |
| 23:07 | Create | Archer |
| 23:08 | Create | Archer |
| 23:08 | Create | Archer |
| 23:08 | Create | Archer |
| 24:23 | Create | Militia |
| 24:49 | Create | Villager (Male) |
| 24:50 | Create | Villager (Male) |
| 25:01 | Create | Villager (Male) |
| 25:02 | Create | Villager (Male) |
| 25:35 | Build | Palisade Wall |
| 25:54 | Build | Palisade Wall |
| 26:18 | Build | Outpost |
| 26:35 | Create | Spearman |
| 26:36 | Create | Spearman |
| 30:17 | Create | Villager (Male) |
| 30:18 | Create | Villager (Male) |
| 30:18 | Create | Villager (Male) |
| 31:35 | Build | House |
| 31:38 | Research | Castle Age |
| 32:46 | Create | Villager (Male) |
| 32:46 | Create | Villager (Male) |
| 33:15 | Research | Padded Archer Armor |
| 33:55 | Build | Lumber Camp |
| 34:18 | Age | Castle Age |
| 34:20 | Research | Crossbowman (upgrade) |
| 34:23 | Create | Archer |
| 34:23 | Create | Archer |
| 34:24 | Create | Archer |
| 34:24 | Create | Archer |
| 34:24 | Create | Archer |
| 34:25 | Create | Archer |
| 34:25 | Create | Archer |
| 34:25 | Create | Archer |
| 34:26 | Create | Archer |
| 34:27 | Create | Archer |
| 34:27 | Create | Archer |
| 34:27 | Create | Archer |
| 34:28 | Create | Archer |
| 34:28 | Create | Archer |
| 34:28 | Create | Archer |
| 35:11 | Create | Spearman |
| 35:11 | Create | Spearman |
| 35:12 | Create | Spearman |
| 35:12 | Create | Spearman |
| 35:13 | Create | Spearman |
| 35:16 | Create | Archer |
| 35:35 | Build | House |
| 35:46 | Build | House |
| 35:51 | Create | Villager (Male) |
| 35:51 | Create | Villager (Male) |
| 35:51 | Create | Villager (Male) |
| 37:13 | Build | House |
| 37:57 | Create | Archer |
| 37:57 | Create | Archer |
| 37:57 | Create | Archer |
| 37:58 | Create | Archer |
| 37:58 | Create | Archer |
| 37:58 | Create | Archer |
| 38:03 | Create | Villager (Male) |
| 38:04 | Create | Villager (Male) |
| 38:04 | Create | Villager (Male) |
| 38:04 | Create | Villager (Male) |
| 38:04 | Create | Villager (Male) |
| 38:04 | Create | Villager (Male) |
| 38:21 | Build | University |
| 39:33 | Build | Castle |
| 40:28 | Build | Palisade Gate |
| 40:58 | Build | House |
| 41:05 | Build | House |
| 42:19 | Build | House |
| 42:28 | Build | House |
| 43:33 | Build | Town Center |
| 43:53 | Build | Siege Workshop |
| 44:05 | Create | Archer |
| 44:05 | Create | Archer |
| 44:05 | Create | Archer |
| 44:06 | Create | Archer |
| 45:02 | Build | Mining Camp |
Build order — Garzaimovich
First 150 of 412 actions detected
| 0:01 | Create | Villager (Male) |
| 0:01 | Create | Villager (Male) |
| 0:02 | Create | Villager (Male) |
| 0:04 | Build | House |
| 0:05 | Build | House |
| 0:21 | Create | Villager (Male) |
| 2:12 | Create | Villager (Male) |
| 2:46 | Create | Villager (Male) |
| 3:41 | Create | Villager (Male) |
| 3:41 | Create | Villager (Male) |
| 3:41 | Create | Villager (Male) |
| 4:31 | Create | Villager (Male) |
| 4:55 | Build | Lumber Camp |
| 4:58 | Build | House |
| 5:10 | Create | Villager (Male) |
| 5:10 | Create | Villager (Male) |
| 5:45 | Build | Mill |
| 5:51 | Build | Palisade Wall |
| 6:20 | Create | Villager (Male) |
| 6:20 | Create | Villager (Male) |
| 6:30 | Build | Palisade Wall |
| 6:36 | Create | Villager (Male) |
| 6:49 | Build | Palisade Wall |
| 6:56 | Build | Palisade Wall |
| 7:01 | Create | Villager (Male) |
| 7:31 | Create | Villager (Male) |
| 7:38 | Research | Loom |
| 7:45 | Build | Palisade Wall |
| 8:44 | Build | Palisade Wall |
| 8:48 | Create | Villager (Male) |
| 8:52 | Research | Feudal Age |
| 9:12 | Create | Villager (Male) |
| 10:13 | Build | Barracks |
| 11:02 | Age | Feudal Age |
| 11:07 | Build | Palisade Gate |
| 11:11 | Create | Villager (Male) |
| 11:12 | Create | Villager (Male) |
| 11:36 | Build | House |
| 12:16 | Build | Archery Range |
| 12:19 | Create | Villager (Male) |
| 12:31 | Create | Villager (Male) |
| 12:35 | Build | House |
| 12:48 | Create | Villager (Male) |
| 13:10 | Build | Mining Camp |
| 13:25 | Build | Palisade Wall |
| 13:34 | Build | House |
| 13:50 | Create | Archer |
| 14:14 | Create | Villager (Male) |
| 14:17 | Create | Villager (Male) |
| 14:41 | Create | Villager (Male) |
| 14:44 | Create | Archer |
| 14:47 | Build | House |
| 14:50 | Create | Spearman |
| 14:51 | Create | Spearman |
| 15:05 | Research | Double-Bit Axe |
| 15:28 | Build | House |
| 15:31 | Create | Villager (Male) |
| 15:40 | Create | Archer |
| 15:55 | Build | Blacksmith |
| 16:12 | Build | Palisade Wall |
| 16:18 | Build | Farm |
| 16:18 | Build | Farm |
| 16:18 | Build | Farm |
| 16:18 | Build | Farm |
| 16:19 | Build | Farm |
| 16:19 | Build | Farm |
| 16:19 | Build | Farm |
| 16:32 | Create | Archer |
| 16:32 | Create | Archer |
| 16:38 | Create | Villager (Male) |
| 16:39 | Create | Villager (Male) |
| 16:48 | Create | Villager (Male) |
| 17:06 | Build | Farm |
| 17:06 | Build | Farm |
| 17:10 | Create | Villager (Male) |
| 17:18 | Build | Farm |
| 17:23 | Build | Farm |
| 17:25 | Create | Archer |
| 17:31 | Build | Farm |
| 17:39 | Build | Farm |
| 18:35 | Build | Farm |
| 18:36 | Build | Farm |
| 18:42 | Build | Farm |
| 18:50 | Build | Lumber Camp |
| 18:52 | Create | Villager (Male) |
| 18:52 | Create | Villager (Male) |
| 18:53 | Create | Villager (Male) |
| 19:04 | Build | Market |
| 19:47 | Research | Padded Archer Armor |
| 19:48 | Research | Fletching |
| 20:18 | Create | Villager (Male) |
| 20:19 | Create | Villager (Male) |
| 20:25 | Build | House |
| 20:34 | Build | House |
| 21:40 | Research | Castle Age |
| 22:35 | Create | Villager (Male) |
| 22:35 | Create | Villager (Male) |
| 22:42 | Build | House |
| 23:32 | Build | Mining Camp |
| 23:53 | Create | Archer |
| 23:54 | Create | Archer |
| 23:54 | Create | Archer |
| 23:54 | Create | Archer |
| 23:55 | Create | Archer |
| 23:56 | Create | Archer |
| 24:21 | Age | Castle Age |
| 24:28 | Create | Villager (Male) |
| 24:28 | Create | Villager (Male) |
| 24:33 | Research | Leather Archer Armor |
| 24:34 | Research | Bodkin Arrow |
| 24:44 | Build | Stable |
| 24:47 | Build | Archery Range |
| 24:50 | Create | Villager (Male) |
| 25:25 | Build | Town Center |
| 25:35 | Create | Villager (Male) |
| 25:38 | Research | Bow Saw |
| 25:50 | Create | Archer |
| 25:50 | Create | Archer |
| 25:50 | Create | Archer |
| 25:50 | Create | Archer |
| 25:51 | Create | Archer |
| 26:02 | Create | Villager (Male) |
| 26:02 | Create | Villager (Male) |
| 26:13 | Build | Farm |
| 26:36 | Create | Archer |
| 26:37 | Create | Archer |
| 26:43 | Research | Crossbowman (upgrade) |
| 26:52 | Build | Farm |
| 26:59 | Create | Villager (Male) |
| 27:00 | Create | Villager (Male) |
| 27:13 | Research | Scale Barding Armor |
| 27:23 | Create | Scout Cavalry |
| 27:53 | Build | House |
| 27:54 | Build | House |
| 28:30 | Build | University |
| 28:42 | Create | Scout Cavalry |
| 28:43 | Create | Scout Cavalry |
| 28:43 | Create | Scout Cavalry |
| 28:44 | Create | Scout Cavalry |
| 28:52 | Create | Spearman |
| 28:52 | Create | Spearman |
| 30:11 | Create | Villager (Male) |
| 30:11 | Create | Villager (Male) |
| 31:06 | Create | Villager (Male) |
| 31:07 | Create | Villager (Male) |
| 31:07 | Create | Villager (Male) |
| 31:14 | Build | Farm |
| 32:32 | Build | Castle |
| 33:14 | Build | Castle |
| 33:22 | Build | Farm |
Build order — santialexander
First 150 of 368 actions detected
| 0:00 | Create | Villager (Male) |
| 0:04 | Build | House |
| 0:07 | Create | Villager (Male) |
| 0:08 | Create | Villager (Male) |
| 0:10 | Create | Villager (Male) |
| 0:10 | Create | Villager (Male) |
| 0:18 | Build | House |
| 1:34 | Create | Villager (Male) |
| 2:05 | Create | Villager (Male) |
| 2:20 | Create | Villager (Male) |
| 2:50 | Create | Villager (Male) |
| 3:18 | Create | Villager (Male) |
| 3:18 | Create | Villager (Male) |
| 3:18 | Create | Villager (Male) |
| 3:47 | Build | House |
| 3:51 | Create | Villager (Male) |
| 3:52 | Create | Villager (Male) |
| 4:27 | Create | Villager (Male) |
| 5:35 | Create | Villager (Male) |
| 5:36 | Create | Villager (Male) |
| 6:03 | Create | Villager (Male) |
| 6:05 | Research | Loom |
| 6:16 | Build | Lumber Camp |
| 6:49 | Build | House |
| 6:56 | Create | Villager (Male) |
| 7:22 | Build | Mill |
| 7:41 | Create | Villager (Male) |
| 8:09 | Build | Farm |
| 8:12 | Create | Villager (Male) |
| 8:20 | Build | Farm |
| 8:36 | Build | Farm |
| 8:40 | Research | Feudal Age |
| 9:13 | Build | House |
| 10:00 | Build | Barracks |
| 10:08 | Create | Villager (Male) |
| 10:09 | Create | Villager (Male) |
| 10:50 | Age | Feudal Age |
| 11:04 | Build | Stable |
| 11:19 | Create | Villager (Male) |
| 11:32 | Build | Palisade Wall |
| 11:40 | Build | House |
| 11:43 | Build | House |
| 11:56 | Build | Farm |
| 11:56 | Build | Farm |
| 12:01 | Create | Scout Cavalry |
| 12:01 | Create | Scout Cavalry |
| 12:03 | Create | Scout Cavalry |
| 12:14 | Build | Farm |
| 12:33 | Build | Blacksmith |
| 12:37 | Create | Villager (Male) |
| 12:37 | Create | Villager (Male) |
| 12:38 | Create | Villager (Male) |
| 12:53 | Create | Scout Cavalry |
| 13:03 | Build | Farm |
| 13:09 | Build | Farm |
| 13:52 | Create | Villager (Male) |
| 13:52 | Create | Villager (Male) |
| 13:53 | Create | Villager (Male) |
| 13:53 | Create | Villager (Male) |
| 14:12 | Create | Villager (Male) |
| 14:12 | Create | Villager (Male) |
| 14:27 | Build | Mining Camp |
| 14:33 | Build | Farm |
| 15:04 | Create | Villager (Male) |
| 15:25 | Build | Lumber Camp |
| 15:30 | Create | Villager (Male) |
| 16:03 | Create | Villager (Male) |
| 16:04 | Create | Villager (Male) |
| 16:39 | Build | Market |
| 16:56 | Build | Farm |
| 16:58 | Build | Farm |
| 17:00 | Build | Farm |
| 17:02 | Build | Farm |
| 17:12 | Build | Farm |
| 18:12 | Build | Farm |
| 18:22 | Research | Castle Age |
| 18:46 | Build | Farm |
| 18:54 | Build | House |
| 18:55 | Build | House |
| 18:57 | Build | House |
| 19:07 | Research | Double-Bit Axe |
| 19:11 | Research | Horse Collar |
| 20:47 | Create | Villager (Male) |
| 20:47 | Create | Villager (Male) |
| 21:00 | Build | Stable |
| 21:02 | Age | Castle Age |
| 21:08 | Research | Bloodlines |
| 21:10 | Create | Knight |
| 21:11 | Create | Knight |
| 21:40 | Create | Knight |
| 21:40 | Create | Knight |
| 21:40 | Create | Knight |
| 22:02 | Build | Farm |
| 22:04 | Build | Farm |
| 22:06 | Build | Farm |
| 22:11 | Create | Villager (Male) |
| 22:11 | Create | Villager (Male) |
| 22:11 | Create | Villager (Male) |
| 22:12 | Create | Villager (Male) |
| 22:12 | Create | Villager (Male) |
| 22:12 | Create | Villager (Male) |
| 22:31 | Create | Knight |
| 22:31 | Create | Knight |
| 22:31 | Create | Knight |
| 22:53 | Create | Knight |
| 22:53 | Create | Knight |
| 22:54 | Create | Knight |
| 22:54 | Create | Knight |
| 23:03 | Build | Farm |
| 23:20 | Research | Forging |
| 23:58 | Build | Farm |
| 24:25 | Create | Villager (Male) |
| 24:25 | Create | Villager (Male) |
| 24:26 | Create | Villager (Male) |
| 24:36 | Build | Town Center |
| 24:44 | Research | Scale Barding Armor |
| 25:57 | Create | Villager (Male) |
| 25:57 | Create | Villager (Male) |
| 25:58 | Create | Villager (Male) |
| 26:18 | Create | Camel Scout |
| 26:19 | Create | Camel Scout |
| 26:19 | Create | Camel Scout |
| 26:19 | Create | Camel Scout |
| 26:19 | Create | Camel Scout |
| 26:20 | Create | Camel Scout |
| 26:29 | Research | Chain Barding Armor |
| 26:37 | Build | Farm |
| 26:58 | Build | House |
| 26:58 | Build | House |
| 26:58 | Build | House |
| 26:58 | Build | House |
| 26:59 | Build | House |
| 26:59 | Build | House |
| 26:59 | Build | House |
| 26:59 | Build | House |
| 27:20 | Research | Iron Casting |
| 27:27 | Create | Steppe Lancer |
| 27:27 | Create | Steppe Lancer |
| 27:41 | Build | Farm |
| 27:43 | Build | Farm |
| 27:48 | Create | Villager (Male) |
| 27:48 | Create | Villager (Male) |
| 27:49 | Create | Villager (Male) |
| 27:49 | Create | Villager (Male) |
| 27:49 | Create | Villager (Male) |
| 28:39 | Research | Stone Mining |
| 28:40 | Research | Gold Mining |
| 28:59 | Create | Camel Scout |
| 29:00 | Create | Camel Scout |
| 29:01 | Create | Camel Scout |
Build order — Protonman47
First 150 of 427 actions detected
| 0:02 | Build | House |
| 0:03 | Build | House |
| 0:35 | Create | Villager (Male) |
| 0:35 | Create | Villager (Male) |
| 0:36 | Create | Villager (Male) |
| 0:36 | Create | Villager (Male) |
| 0:36 | Create | Villager (Male) |
| 1:46 | Create | Villager (Male) |
| 2:25 | Create | Villager (Male) |
| 2:44 | Create | Villager (Male) |
| 2:46 | Build | Lumber Camp |
| 3:25 | Create | Villager (Male) |
| 3:41 | Create | Villager (Male) |
| 4:20 | Create | Villager (Male) |
| 4:45 | Create | Villager (Male) |
| 5:03 | Build | House |
| 5:05 | Create | Villager (Male) |
| 5:27 | Build | Mill |
| 6:09 | Create | Villager (Male) |
| 6:17 | Create | Villager (Male) |
| 6:39 | Create | Villager (Male) |
| 7:14 | Research | Loom |
| 7:45 | Build | House |
| 7:51 | Research | Feudal Age |
| 8:26 | Build | Barracks |
| 8:50 | Create | Villager (Male) |
| 9:39 | Build | House |
| 10:01 | Age | Feudal Age |
| 10:07 | Build | Stable |
| 10:10 | Build | Palisade Wall |
| 10:11 | Build | Palisade Wall |
| 10:14 | Create | Villager (Male) |
| 10:16 | Research | Double-Bit Axe |
| 10:19 | Research | Horse Collar |
| 10:26 | Create | Spearman |
| 10:58 | Create | Villager (Male) |
| 11:23 | Build | Farm |
| 11:23 | Build | Farm |
| 11:23 | Build | Farm |
| 11:28 | Create | Villager (Male) |
| 11:43 | Create | Scout Cavalry |
| 11:45 | Create | Villager (Male) |
| 11:54 | Build | Farm |
| 12:21 | Build | Lumber Camp |
| 12:25 | Create | Scout Cavalry |
| 12:36 | Create | Villager (Male) |
| 12:40 | Build | House |
| 12:46 | Create | Villager (Male) |
| 12:48 | Build | Farm |
| 12:51 | Build | Farm |
| 13:08 | Create | Scout Cavalry |
| 13:19 | Create | Villager (Male) |
| 13:56 | Create | Scout Cavalry |
| 13:57 | Create | Villager (Male) |
| 13:58 | Create | Villager (Male) |
| 14:32 | Create | Villager (Male) |
| 14:35 | Create | Scout Cavalry |
| 14:39 | Build | Farm |
| 14:43 | Build | House |
| 14:48 | Build | Blacksmith |
| 14:51 | Create | Villager (Male) |
| 14:54 | Build | Farm |
| 14:56 | Build | Farm |
| 14:57 | Create | Villager (Male) |
| 14:59 | Build | Farm |
| 15:13 | Create | Scout Cavalry |
| 15:17 | Build | Farm |
| 15:22 | Create | Spearman |
| 15:28 | Build | House |
| 15:36 | Build | House |
| 15:45 | Create | Villager (Male) |
| 16:02 | Create | Villager (Male) |
| 16:14 | Create | Scout Cavalry |
| 16:17 | Create | Spearman |
| 16:25 | Build | Palisade Wall |
| 16:37 | Build | Palisade Wall |
| 16:44 | Create | Scout Cavalry |
| 16:48 | Create | Villager (Male) |
| 16:50 | Build | Farm |
| 16:55 | Build | Farm |
| 16:56 | Build | Farm |
| 17:03 | Build | Palisade Wall |
| 17:17 | Create | Villager (Male) |
| 17:18 | Create | Villager (Male) |
| 17:27 | Create | Scout Cavalry |
| 17:42 | Build | Market |
| 17:58 | Build | Palisade Wall |
| 18:07 | Create | Scout Cavalry |
| 18:09 | Create | Villager (Male) |
| 18:15 | Build | Farm |
| 18:17 | Build | Farm |
| 18:29 | Build | Palisade Wall |
| 18:31 | Build | Farm |
| 18:32 | Build | Farm |
| 18:32 | Build | Farm |
| 18:32 | Build | Farm |
| 18:33 | Build | Farm |
| 18:38 | Create | Villager (Male) |
| 18:41 | Build | Farm |
| 18:47 | Build | House |
| 18:49 | Build | House |
| 19:07 | Build | House |
| 19:12 | Create | Villager (Male) |
| 19:12 | Create | Villager (Male) |
| 19:20 | Build | Mining Camp |
| 19:41 | Research | Wheelbarrow |
| 20:26 | Create | Villager (Male) |
| 21:14 | Build | Stable |
| 21:25 | Research | Castle Age |
| 21:28 | Research | Scale Barding Armor |
| 21:39 | Research | Forging |
| 22:03 | Research | Bloodlines |
| 22:04 | Research | Bloodlines |
| 22:34 | Research | Gold Mining |
| 22:42 | Build | Lumber Camp |
| 22:51 | Create | Villager (Male) |
| 23:00 | Build | Palisade Gate |
| 23:45 | Build | Building 804 |
| 24:05 | Age | Castle Age |
| 24:06 | Research | Heavy Plow |
| 24:07 | Research | Bow Saw |
| 24:10 | Create | Knight |
| 24:10 | Research | Husbandry |
| 24:11 | Create | Knight |
| 24:13 | Research | Chain Barding Armor |
| 24:13 | Research | Chain Barding Armor |
| 24:19 | Build | Town Center |
| 24:25 | Build | House |
| 24:33 | Create | Camel Scout |
| 24:40 | Build | House |
| 24:45 | Build | House |
| 24:56 | Create | Camel Scout |
| 24:56 | Create | Camel Scout |
| 25:03 | Build | Palisade Wall |
| 25:23 | Create | Camel Scout |
| 25:23 | Create | Camel Scout |
| 25:46 | Create | Villager (Male) |
| 25:46 | Create | Villager (Male) |
| 26:01 | Create | Villager (Male) |
| 26:02 | Create | Villager (Male) |
| 26:04 | Build | Farm |
| 26:06 | Build | Farm |
| 26:08 | Create | Villager (Male) |
| 26:09 | Create | Villager (Male) |
| 26:11 | Build | Farm |
| 26:13 | Build | Farm |
| 26:17 | Research | Gold Shaft Mining |
| 26:27 | Create | Knight |
| 26:33 | Build | Farm |
| 26:35 | Build | Farm |
Match timeline
| 5:51 | Garzaimovich · wall_segment Palisade Wall x8 |
| 6:30 | Garzaimovich · wall_segment Palisade Wall x4 |
| 6:49 | Garzaimovich · wall_segment Palisade Wall x9 |
| 6:56 | Garzaimovich · wall_segment Palisade Wall x14 |
| 7:45 | Garzaimovich · wall_segment Palisade Wall x6 |
| 8:26 | Protonman47 · first_building Barracks |
| 8:44 | Garzaimovich · wall_segment Palisade Wall x5 |
| 10:00 | santialexander · first_building Barracks |
| 10:01 | Protonman47 · age_up feudal |
| 10:07 | Protonman47 · first_building Stable |
| 10:10 | Protonman47 · wall_segment Palisade Wall x1 |
| 10:11 | Protonman47 · wall_segment Palisade Wall x1 |
| 10:13 | Garzaimovich · first_building Barracks |
| 10:50 | santialexander · age_up feudal |
| 11:02 | Garzaimovich · age_up feudal |
| 11:04 | santialexander · first_building Stable |
| 11:32 | santialexander · wall_segment Palisade Wall x13 |
| 12:16 | Garzaimovich · first_building Archery Range |
| 12:45 | CrackedPoptart · age_up feudal |
| 13:25 | Garzaimovich · wall_segment Palisade Wall x9 |
| 13:28 | CrackedPoptart · first_building Barracks |
| 15:13 | CrackedPoptart · first_building Archery Range |
| 16:12 | Garzaimovich · wall_segment Palisade Wall x9 |
| 16:25 | Protonman47 · wall_segment Palisade Wall x6 |
| 16:37 | Protonman47 · wall_segment Palisade Wall x13 |
| 17:03 | Protonman47 · wall_segment Palisade Wall x16 |
| 17:58 | Protonman47 · wall_segment Palisade Wall x1 |
| 18:17 | santialexander · first_market_buy 100 food |
| 18:29 | Protonman47 · wall_segment Palisade Wall x6 |
| 20:43 | Garzaimovich · first_market_buy 100 food |
| 21:02 | santialexander · age_up castle |
| 21:22 | Protonman47 · first_market_sell 100 wood |
| 22:38 | santialexander · first_market_sell 100 wood |
| 24:05 | Protonman47 · age_up castle |
| 24:21 | Garzaimovich · age_up castle |
| 24:44 | Garzaimovich · first_building Stable |
| 25:03 | Protonman47 · wall_segment Palisade Wall x1 |
| 25:35 | CrackedPoptart · wall_segment Palisade Wall x17 |
| 25:54 | CrackedPoptart · wall_segment Palisade Wall x24 |
| 27:44 | Protonman47 · first_building Monastery |
| 32:23 | Protonman47 · first_building Siege Workshop |
| 32:32 | Garzaimovich · first_building Castle |
| 32:33 | santialexander · first_building Castle |
| 33:00 | Protonman47 · first_market_buy 100 stone |
| 34:18 | CrackedPoptart · age_up castle |
| 37:13 | Protonman47 · first_building Castle |
| 38:12 | santialexander · age_up imperial |
| 39:33 | CrackedPoptart · first_building Castle |
| 41:06 | Protonman47 · age_up imperial |
| 43:36 | Garzaimovich · first_market_sell 100 wood |
| 43:53 | CrackedPoptart · first_building Siege Workshop |
| 46:52 | Garzaimovich · age_up imperial |
| 50:16 | Protonman47 · first_building Archery Range |
| 57:10 | Protonman47 · resign |
[ AI ANALYSIS · 1 CREDIT ]
What really happened in this match?
Wolo.gg analyzes every decision: build order, eco, micro, common mistakes by bracket. Personalized analysis on WhatsApp or Discord in 30 seconds.
Civ guide
Ethiopians
Map guide
Arabia
Perfil
CrackedPoptart